 Dungeon Crawl Stone Soup version 0.32-a0-995-gb4a59205af (webtiles) character file.

Game seed: 10802931030777782429

361 ncactus the Changeling (level 6, -8/43 HPs)
             Began as a Human Shapeshifter on Apr 23, 2024.
             Mangled by an iron imp (10 damage)
             ... summoned by Eustachio
             ... on level 4 of the Dungeon.
             The game lasted 00:08:31 (1411 turns).

ncactus the Changeling (Human Shapeshifter)         Turns: 1411, Time: 00:08:33

Health: -8/43      AC:  2    Str: 17    XL:     6   Next: 66%
Magic:  6/6        EV: 11    Int: 10    God:
Gold:   60         SH:  5    Dex: 12    Spells: 5/5 levels left

rFire   . .          .
                       - Unarmed
rCold   . . .        (no shield)
rNeg    . . .        a - +0 animal skin
rPois   .            (helmet currently unavailable)
rElec   .            (cloak currently unavailable)
rCorr   .            (gloves currently unavailable)
SInv    .            (boots currently unavailable)
Will    .....        j - amulet of reflection
Stlth   +            (no ring)
HPRegen 0.27/turn    (no ring)
MPRegen 0.10/turn

%: reflection
@: beast-form
A: beast (slay +3), explore regen, sturdy frame 1
a: Begin Untransformation


You were on level 4 of the Dungeon.
You were a hulking beast.
You visited 1 branch of the dungeon, and saw 4 of its levels.

You collected 60 gold pieces.

Inventory:

Missiles
 b - a curare-tipped dart (quivered)
Armour
 a - a +0 animal skin (worn)
Jewellery
 e - a ring of magical power
 g - a ring of willpower
 j - an amulet of reflection (around neck)
Talismans
 c - a beast talisman (active)
 d - a flux talisman
Scrolls
 f - 8 scrolls of identify {unknown}
 k - a scroll of immolation {unknown}
 m - a scroll of revelation {unknown}
 n - a scroll of vulnerability {unknown}
 p - a scroll of blinking {unknown}
 r - a scroll of poison {unknown}
Potions
 h - a potion of mutation
 i - a potion of brilliance {unknown}
 l - a potion of heal wounds {unknown}
 o - a potion of resistance {unknown}
 q - a potion of haste {unknown}


   Skills:
 - Level 1.0 Fighting
 - Level 2.0 Dodging
 + Level 4.8 Unarmed Combat
 * Level 5.7 Shapeshifting


You had 5 spell levels left.
You didn't know any spells.
Your spell library contained the following spells:

 Spells                   Type           Power      Damage    Failure   Level
 Sandblast                Erth           0%         2d4       36%         1
 Scorch                   Fire           0%         2d5       50%         2
 Passwall                 Erth           0%         N/A       75%         3
 Stone Arrow              Conj/Erth      0%         3d7       75%         3
 Flame Wave               Conj/Fire      0%         2d4       98%         4
 Summon Cactus Giant      Summ           0%         N/A       100%        6


Dungeon Overview and Level Annotations

Branches:
Dungeon (4/15)
 Temple: D:4-7

Altars:
Ashenzari

Shops:
D:4 *

Annotations:
D:4 Eustachio


Innate Abilities, Weirdness & Mutations

You are a hulking beast.
Your limbs bulge with bestial killing power. (Slay +3)
You regain HP and MP as you explore.
Your movements are slightly less encumbered by armour. (ER -2)


Message History

Eustachio is poisoned.
Eustachio struggles to breathe.
Eustachio seems to slow down.
Eustachio is moderately wounded.
The ufetubus hits you. x2
You hit Eustachio.
Eustachio is heavily wounded.
The ufetubus hits you. x3; You block the ufetubus's attack.
You miss Eustachio.
Eustachio is heavily wounded.
The ufetubus barely misses you. The ufetubus closely misses you.
Eustachio gestures wildly while chanting.
You hit Eustachio. You punch Eustachio, but do no damage.
Eustachio is severely wounded.
The bat hits you but does no damage. You block the ufetubus's attack.
The ufetubus hits you. Eustachio hits you with a +0 rapier.
The river rat bites you!
* * * LOW HITPOINT WARNING * * *
Okay, then.
Okay, then.
It was a potion of mutation.
You feel extremely strange.
You feel less encumbered by your armour.
The bat hits you but does no damage. You block the bat's attack.
The river rat bites you but does no damage.
Okay, then.
You hit Eustachio but do no damage.
Eustachio is severely wounded.
The bat barely misses you. Eustachio closely misses you.
The bat barely misses you. The river rat barely misses you.
You hit Eustachio.
Eustachio is almost dead.
The bat closely misses you. You block the iron imp's attack.
Eustachio hits you with a +0 rapier.
* * * LOW HITPOINT WARNING * * *
You closely miss Eustachio.
Eustachio is almost dead.
The river rat bites you but does no damage.
The bat hits you.
* * * LOW HITPOINT WARNING * * *
The iron imp hits you!
You die...

.##.###.≈.######..
........≈.#..(..##
###^###.≈.#.≈≈≈≈..
#.≈.#.≈...
#.≈.#.≈.#
#.≈r#.≈.# #..#5≈.#
##.#@r.# #)#hb.#
#.#5≈....#
..#5≈≈≈≈≈..
..#......≈≈
..#######.. #...
##


You could see Eustachio (poisoned, slow), 2 iron imps, a river rat (summoned),
an ufetubus (summoned), a bat (summoned) and a rat (summoned).

Vanquished Creatures
  Grinder (D:4)
  A scorpion (D:4)
  3 adders
  3 dart slugs
  2 ribbon worms
  3 endoplasms
  A giant cockroach (D:1)
  6 goblins
  8 hobgoblins
  3 quokkas
  7 ball pythons
  5 bats
  3 kobolds
  2 rats
48 creatures vanquished.

Vanquished Creatures (others)
  A bombardier beetle (D:3)
1 creature vanquished.

Grand Total: 49 creatures vanquished

Notes
Turn   | Place    | Note
-------+----------+-------------------------------------------
     0 | D:1      | ncactus the Human Shapeshifter began the quest for the Orb.
     0 | D:1      | Reached XP level 1. HP: 15/15 MP: 1/1
    67 | D:1      | Reached XP level 2. HP: 21/21 MP: 2/2
   392 | D:1      | Reached XP level 3. HP: 26/26 MP: 3/3
   816 | D:3      | Found a broken altar of Ashenzari.
   824 | D:3      | Reached skill level 4 in Shapeshifting
   824 | D:3      | Reached XP level 4. HP: 32/32 MP: 4/4
   924 | D:3      | Found a faded altar of an unknown god.
  1262 | D:4      | Found Guabb's General Store.
  1276 | D:4      | Noticed Grinder
  1278 | D:4      | Paralysed by Grinder for 4 turns
  1299 | D:4      | Paralysed by Grinder for 2 turns
  1308 | D:4      | Killed Grinder
  1309 | D:4      | Reached skill level 5 in Shapeshifting
  1309 | D:4      | Reached XP level 5. HP: 33/37 MP: 5/5
  1309 | D:4      | Reached XP level 6. HP: 38/43 MP: 6/6
  1394 | D:4      | Noticed Eustachio
  1408 | D:4      | Gained mutation: Your movements are slightly less
                  | encumbered by armour. (ER -2) [potion of mutation]
  1411 | D:4      | HP: 2/43 [bat[Eustachio] (1)]
  1411 | D:4      | Mangled by an iron imp

Illustrated notes

Levels and vault maps discovered:
D:1:      mrwooster_arrival_statue_3, layout_loops_ring, minmay_door_square,
          hex_medium
D:2:      layout_basic, uniq_crazy_yiuf_cottage
D:3:      layout_basic, nicolae_ashenzari_panopticon,
          shapermc_ecumenical_altar_mp_urbaneastern
D:4:      minmay_wonky_spiral, layout_loops_ring, nicolae_overflow_squiral,
          minmay_temple_entry_slanted, serial_shops, kennysheep_little_box,
          amcnicky_altar_lugonu_corruption, uniq_eustachio, uniq_grinder

Skill      XL: |  1  2  3  4 |
---------------+-------------+-----
Shapeshifting  | 4 5 |  5.7
Unarmed Combat | 4 |  4.8
Fighting       | |  1.0
Dodging        | |  2.0

Action                     |  1- 3 |  4- 6 || total
---------------------------+-------+-------++-------
  Melee: Unarmed           |   104 |    66 ||   170
         Punch             |     2 |     4 ||     6
  Throw: Dart              |       |     2 ||     2
    Use: Potion            |       |     2 ||     2
   Stab: Sleeping          |       |     1 ||     1
 Armour: Animal skin       |    65 |    35 ||   100
         Skin              |       |     7 ||     7
  Dodge: Dodged            |    51 |    29 ||    80
  Block: Other             |    13 |     9 ||    22
         Reflection        |     1 |       ||     1

Table legend: (Time is in decaauts)
 A = Elapsed time spent in this place.
 B = Non-inter-level travel time spent in this place.
 C = Inter-level travel time spent in this place.
 D = Time resting spent in this place.
 E = Time spent auto-exploring this place.
 F = Levels seen in this place.
 G = Mean time per level.
                   A        B        C        D        E       F      G
               +--------+--------+--------+--------+--------+-----+--------+
         Total |   1399 |   1340 |     59 |     16 |      0 |   4 |  349.8 |
       Dungeon |   1399 |   1340 |     59 |     16 |      0 |   4 |  349.8 |
               +--------+--------+--------+--------+--------+-----+--------+

Top non-repeatable levels by time:
     D:3: 476 daAuts
     D:1: 432 daAuts
     D:2: 320 daAuts
     D:4: 170 daAuts
